Map: Tourmaline LE

Players

HoldTheDoor

  • Race: Protoss Protoss
  • League: Diamond
  • Spawn Location: 7:00

ZuZ - Winner!

  • Race: Zerg Zerg
  • League: Diamond
  • Spawn Location: 1:00

VOD

Have the link to the VOD?

Description

Time

  • Played on: May 17, 2026, 1:07 p.m.
  • Length: 4:13
Show
View Real Time Build Order
Export as new Build Order

HoldTheDoor Protoss 

Build Orders: 1 Gate Expand, Dark Templar Rush 

Get SALT Encoding   

  12  0:00  Probe  
  13  0:12  Probe  
  14  0:19  Pylon  
  14  0:24  Probe  
  15  0:37  Probe  
  15  0:38  Gateway  
  16  0:45  Probe  
  17  0:52  Assimilator  
  17  0:55  Probe  
  18  1:07  Probe  
  19  1:26  Nexus  
  19  1:32  Cybernetics Core  
  19  1:42  Assimilator  
  19  1:45  Pylon  
  19  1:46  Probe  
  20  1:58  Probe  
  20  1:59  Stalker  
  21  2:02  Warp Gate  
  21  2:10  Probe  
  24  2:23  Probe  
  24  2:25  Adept  
  27  2:35  Probe  
  28  2:38  Gateway  
  28  2:40  Probe  
  29  2:47  Probe  
  30  2:52  Probe  
  30  2:55  Twilight Council  
  31  2:59  Probe  
  31  3:04  Probe  
  33  3:07  Robotics Facility  
  33  3:11  Probe  
  34  3:14  Assimilator  
  34  3:18  Probe  
  35  3:27  Probe  
  36  3:34  Probe  
  36  3:39  Probe  
  38  3:46  Probe  
  39  3:48  Dark Shrine  
  41  3:58  Gateway  
  41  3:59  Gateway  
  41  4:01  Pylon  
  39  4:05  Stalker  
  41  4:10  Pylon  
Show
View Real Time Build Order
Export as new Build Order

ZuZ Zerg - Winner!

Build Orders: Hatch First 

Get SALT Encoding   

  12  0:00  Drone  
  13  0:08  Drone  
  14  0:16  Overlord  
  14  0:35  Drone x3  
  17  0:50  Hatchery  
  17  0:54  Drone  
  17  0:57  Drone  
  18  1:09  Extractor  
  17  1:13  Spawning Pool  
  17  1:15  Drone  
  17  1:21  Drone  
  18  1:28  Drone  
  19  1:39  Overlord  
  19  1:50  Overlord  
  19  2:01  Queen  
  21  2:02  Roach Warren  
  21  2:06  Queen  
  22  2:19  Drone x3  
  22  2:21  Drone  
  26  2:43  Roach x4  
  34  2:49  Overlord  
  34  2:51  Overlord  
  34  3:00  Roach  
  36  3:08  Roach  
  38  3:18  Roach x4  
  46  3:36  Overlord  
  46  3:37  Drone x3  
  49  3:52  Overlord x2, Drone  
Tags
 
Add a new tag
Caveats
  • Supply blocks, unpowered buildings, or Contaminate may cause inaccurate times.
  • Supply counts are checked every 10 seconds.